 Dungeon Crawl Stone Soup version 0.31-a0-876-gfe8ebadbca (webtiles) character file.

Game seed: 13061819156994082071

1732 Xavori the Covert (level 9, -1/59 HPs)
             Began as an Octopode Chaos Knight on Oct 13, 2023.
             Was a Plaything of Xom.
             Engulfed by a steam dragon's steam (9 damage)
             ... on level 6 of the Dungeon.
             The game lasted 00:05:23 (12414 turns).

Xavori the Covert (Octopode Chaos Knight)          Turns: 12414, Time: 00:05:23

Health: -1/59      AC:  5    Str: 11      XL:     9   Next: 5%
Magic:  9/9        EV: 15    Int: 14 (15) God:    Xom [....*.]
Gold:   1133       SH:  0    Dex: 15      Spells: 8/8 levels left

rFire   . . .        a - +0 short sword (chaos)
rCold   . . .        (no shield)
rNeg    . . .        t - +1 hat
rPois   .            r - amulet of the acrobat
rElec   .            y - ring of willpower
rCorr   .            (no ring)
SInv    .            (no ring)
Will    +....        (no ring)
Stlth   +++++        (no ring)
HPRegen 0.00/turn    (no ring)
MPRegen 0.11/turn    (no ring)
                     (no ring)

%: acrobat, clarity
@: inhibited regen
A: almost no armour, amphibious, 8 rings, camouflage 1, gelatinous body 1,
(nimble swimmer 1), tentacles, beak, tentacle spike 1, iridescent scales 1,
clarity, deterioration 1, shaggy fur 1, inhibited regeneration
a: Renounce Religion


You were on level 6 of the Dungeon.
You worshipped Xom.
You were a beloved toy of Xom.
You visited 1 branch of the dungeon, and saw 6 of its levels.

You collected 1133 gold pieces.

Inventory:

Hand Weapons
 a - a +0 short sword of chaos (weapon)
Armour
 t - a +1 hat (worn)
Jewellery
 r - an amulet of the acrobat (around mantle)
 y - a ring of willpower (left tentacle)
Talismans
 h - a flux talisman
Wands
 x - a wand of charming (6)
Scrolls
 b - a scroll of butterflies
 c - a scroll of enchant armour {unknown}
 d - 4 scrolls of teleportation
 j - a scroll of brand weapon
 k - a scroll of enchant weapon
 m - a scroll of immolation {unknown}
 n - 3 scrolls of amnesia
 o - a scroll of noise
 q - a scroll of vulnerability {unknown}
 v - a scroll of blinking {unknown}
 z - a scroll of acquirement {unknown}
Potions
 e - a potion of might {unknown}
 f - 2 potions of curing
 l - a potion of haste
 p - 2 potions of enlightenment
 s - a potion of mutation {unknown}
 u - a potion of degeneration {unknown}
 w - a potion of heal wounds {unknown}
Miscellaneous
 i - a phial of floods


   Skills:
 + Level 4.6 Fighting
 + Level 5.7 Short Blades
 + Level 4.7 Dodging
 + Level 8.2 Stealth
 * Level 4.6 Evocations
 * Level 3.6 Shapeshifting


You had 8 spell levels left.
You didn't know any spells.
Your spell library contained the following spells:

 Spells                   Type           Power      Damage    Failure   Level
 Magic Dart               Conj           0%         1d3       28%         1
 Call Imp                 Summ           0%         N/A       41%         2
 Poisonous Vapours        Pois/Air       0%         N/A       41%         2
 Mephitic Cloud           Conj/Pois/Air  0%         N/A       65%         3
 Stone Arrow              Conj/Erth      0%         3d7       65%         3
 Summon Guardian Golem    Hex/Summ       0%         N/A       65%         3
 Dimensional Bullseye     Hex/Tloc       0%         N/A       96%         4
 Alistair's Intoxication  Tmut/Pois      0%         N/A       100%        5
 Freezing Cloud           Conj/Ice/Air   0%         6-21      100%        5
 Yara's Violent Unravell  Hex/Tmut       0%         3d3       100%        5
 Lehudib's Crystal Spear  Conj/Erth      0%         10d2      100%        8
 Animate Armour           Summ/Erth      Unusable   N/A       N/A         4

Dungeon Overview and Level Annotations

Branches:
Dungeon (6/15)             Temple (0/1) D:5

Altars:
Ashenzari
Qazlal
Uskayaw

Shops:
D:1 (


Innate Abilities, Weirdness & Mutations

You cannot wear most types of armour.
You are amphibious.
You can wear up to eight rings at the same time.
Your skin changes colour to match your surroundings (Stealth+).
Your rubbery body absorbs attacks. (AC +1, EV +1)
((You are camouflaged when in or above water. (Stealth+)))
You have tentacles for arms and can constrict up to eight enemies at once.
You have a beak for a mouth.
One of your tentacles bears a spike.
You are partially covered in iridescent scales. (AC +2)
You possess an exceptional clarity of mind.
Your body sometimes deteriorates upon taking damage.
You are covered in fur. (AC +1)
You do not regenerate when monsters are visible.


Message History

A steam dragon comes into view.
The centaur shoots an arrow.
The arrow barely misses you.
Unknown command.
You hit Menkaure but do no damage. Your grab misses Menkaure.
Your peck misses Menkaure. You squeeze Menkaure, but do no damage.
Menkaure is heavily damaged.
The centaur shoots an arrow.
The arrow barely misses you.
Unknown command.
You hit Menkaure but do no damage. You grab Menkaure.
You pierce Menkaure, but do no damage.
Menkaure is heavily damaged.
You constrict Menkaure. Menkaure hits you!!
The centaur shoots an arrow.
The arrow hits you!
Your body deteriorates!
You feel dopey.
You hit Menkaure. You burn Menkaure.
You pierce Menkaure, but do no damage.
You squeeze Menkaure.
Menkaure is almost destroyed.
You constrict Menkaure.
The centaur shoots an arrow.
The arrow hits you!
* * * LOW HITPOINT WARNING * * *
Menkaure closely misses you.
Unknown command.
You hit Menkaure but do no damage.
You pierce Menkaure.
You peck Menkaure, but do no damage. You squeeze Menkaure.
You destroy Menkaure!
The centaur shoots an arrow.
The arrow hits you!
* * * LOW HITPOINT WARNING * * *
You have reached level 9!
Your experience leads to an increase in your attributes!
Your base attributes are Str 11, Int 15, Dex 13.
Increase (S)trength, (I)ntelligence, or (D)exterity?
You feel agile. x2
You feel better. The steam dragon breathes steam at you.
The ball of steam misses you.
The centaur shoots an arrow.
The arrow closely misses you.
As you read the scroll of fear, it crumbles to dust.
You assume a fearsome visage.
The steam dragon looks frightened!
The centaur looks frightened!
You are engulfed in a cloud of scalding steam.
You die...

....# ....# ....#
....##################
....'......!...........>#
....########......c# ##.#
....# !..##.......# #(..
....# ......D§§§..# #..#
....# ....##.§.@..###..#
)...# ..... #.§§§§§'....#
##### .... #......####.#
.... +......# #.# ...
#.....(# #.# #......# #.#
#......####.#####
#......##.......#
##........#####.#


You could see a steam dragon (fleeing, catching breath) and a centaur (fleeing).

Vanquished Creatures
  Prince Ribbit (D:5)
  Grinder (D:4)
  Sigmund (D:2)
  A basilisk (shapeshifter) (D:3)
  Menkaure (D:6)
  An ice beast (D:6)
  An ogre (D:6)
  2 phantoms (D:6)
  A scorpion (D:6)
  A howler monkey (D:6)
  2 jellies
  A hound (D:5)
  A gnoll bouda (D:4)
  An orc priest (D:5)
  2 sleepcaps (D:4)
  2 iguanas (D:6)
  5 gnolls
  A shadow imp (D:6)
  A white imp (D:5)
  13 dart slugs
  3 worms (D:2)
  8 orcs
  7 ball pythons
  2 bats (D:2)
  9 endoplasms
  4 giant cockroaches
  4 goblins
  4 hobgoblins (D:1)
  3 jackals (D:3)
  9 kobolds
  6 quokkas
  5 frilled lizards
  2 rats (D:2)
106 creatures vanquished.

Vanquished Creatures (others)
  An iguana (D:5)
1 creature vanquished.

Grand Total: 107 creatures vanquished

Notes
Turn   | Place    | Note
-------+----------+-------------------------------------------
     0 | D:1      | Xavori the Octopode Chaos Knight began the quest for the
                  | Orb.
     0 | D:1      | Reached XP level 1. HP: 16/16 MP: 1/1
    24 | D:1      | Found Ralu's Antique Weapon Shoppe.
   135 | D:1      | Reached XP level 2. HP: 21/21 MP: 2/2
   164 | D:1      | XOM: silly message
   281 | D:1      | Reached XP level 3. HP: 26/26 MP: 3/3
   518 | D:1      | XOM is BORED!
   518 | D:1      | XOM: noise
   686 | D:1      | XOM: god gift: phial of floods
  1463 | D:1      | XOM is BORED!
  1468 | D:1      | XOM: cloud trail
  1697 | D:1      | XOM: divination: detect creatures
  2739 | D:1      | XOM: silly message
  3243 | D:1      | XOM: divination: detect creatures
  4264 | D:1      | XOM: divination: magic mapping
  4826 | D:1      | XOM: silly message
  5370 | D:1      | XOM is BORED!
  5470 | D:1      | XOM: divination: detect creatures
  5527 | D:1      | XOM: silly message
  5582 | D:1      | XOM: summons 1 hostile demon
  7610 | D:1      | XOM: summons 1 hostile shadow creature
  8878 | D:1      | XOM: give mutations
  8878 | D:1      | Gained mutation: You are covered in fur. (AC +1) [Xom's
                  | grace]
  8878 | D:1      | Gained mutation: One of your tentacles bears a spike.
                  | [Xom's grace]
  8878 | D:1      | Gained mutation: You possess an exceptional clarity of
                  | mind. [Xom's grace]
  8878 | D:1      | Gained mutation: You have a beak for a mouth. [Xom's grace]
  8906 | D:2      | Found a faded altar of an unknown god.
  9007 | D:2      | XOM: god gift: scroll labelled NYIROFFUNT {god gift}
  9095 | D:2      | Reached skill level 1 in Stealth
  9140 | D:2      | Noticed Sigmund
  9154 | D:2      | Killed Sigmund
  9155 | D:2      | Reached skill level 3 in Stealth
  9155 | D:2      | Reached skill level 1 in Evocations
  9155 | D:2      | Reached skill level 1 in Shapeshifting
  9155 | D:2      | Reached XP level 4. HP: 24/33 MP: 4/4
  9155 | D:2      | Reached XP level 5. HP: 27/37 MP: 5/5
  9206 | D:2      | XOM: smoke on damage
  9412 | D:3      | Reached XP level 6. HP: 43/43 MP: 6/6
  9568 | D:2      | XOM: scenery: summon butterflies
  9627 | D:3      | Reached skill level 4 in Stealth
  9766 | D:3      | a jackal changed into a shapeshifter
  9766 | D:3      | Noticed a shapeshifter (shapeshifter)
  9766 | D:3      | XOM: polymorph jackal -> shapeshifter
  9766 | D:3      | a shapeshifter changed into a basilisk
  9766 | D:3      | Noticed a basilisk (shapeshifter)
  9768 | D:3      | XOM: snakes to sticks
  9775 | D:3      | Killed a basilisk
 10211 | D:4      | Got a gaudy book
 10427 | D:4      | Noticed Grinder
 10439 | D:4      | Killed Grinder
 10440 | D:4      | Reached skill level 5 in Stealth
 10440 | D:4      | Reached XP level 7. HP: 34/47 MP: 7/7
 10510 | D:4      | XOM: summons 1 hostile demon
 10514 | D:4      | XOM: summons 3 hostile demons
 10697 | D:4      | XOM: cleaving
 10702 | D:4      | Reached skill level 6 in Stealth
 10848 | D:5      | Entered Level 5 of the Dungeon
 10943 | D:5      | XOM: divine lightning
 10946 | D:5      | Noticed Prince Ribbit
 11042 | D:4      | XOM: scenery: 1 doors close
 11120 | D:5      | Found a staircase to the Ecumenical Temple.
 11150 | D:5      | XOM: cleaving
 11154 | D:5      | Killed Prince Ribbit
 11155 | D:5      | Reached skill level 5 in Short Blades
 11155 | D:5      | Reached XP level 8. HP: 46/54 MP: 8/8
 11425 | D:5      | XOM: god gift: +3 sling of chaos
 11487 | D:5      | Found a broken altar of Ashenzari.
 11496 | D:5      | Found a hide-covered altar of Uskayaw.
 11578 | D:5      | Reached skill level 7 in Stealth
 11612 | D:5      | XOM: give mutations
 11612 | D:5      | Gained mutation: You do not regenerate when monsters are
                  | visible. [Xom's mischief]
 11612 | D:5      | Gained mutation: Your body sometimes deteriorates upon
                  | taking damage. [Xom's mischief]
 11612 | D:5      | Gained mutation: You are partially covered in iridescent
                  | scales. (AC +2) [Xom's mischief]
 11776 | D:5      | Identified the staff "Ruuxut" {rPois Will+ rCorr Int-4
                  | Conj} (Xom gifted it to you on level 5 of the Dungeon)
 11776 | D:5      | XOM: god gift: staff "Ruuxut" {rPois Will+ rCorr Int-4
                  | Conj}
 11846 | D:5      | XOM: god gift: 856 gold pieces
 11981 | D:6      | Found a stormy altar of Qazlal.
 12128 | D:6      | XOM: potion effect (heal wounds)
 12333 | D:6      | Reached skill level 8 in Stealth
 12392 | D:6      | Noticed Menkaure
 12412 | D:6      | Killed Menkaure
 12412 | D:6      | HP: 2/54 [centaur/arrow (11)]
 12413 | D:6      | Reached XP level 9. HP: 2/59 MP: 9/9
 12414 | D:6      | Engulfed by a steam dragon's steam

Illustrated notes

Levels and vault maps discovered:
D:1:      tekkud_arrival_beachfront_property, layout_loops_cross, serial_shops,
          nicolae_shop_advertising_works [nicolae_subvault_shop_adworks]
D:2:      layout_rooms, dilly_ecumenical_altar_fadedgnrine,
          minmay_misc_feat_alley, uniq_sigmund
D:3:      kennysheep_slugbush, layout_rooms
D:4:      layout_basic, hellmonk_no_cap, uniq_grinder
D:5:      layout_basic, mainiacjoe_overflow_swirl,
          minmay_temple_entry_junction_2, uniq_prince_ribbit1
D:6:      lemuel_ice_spiral_2, layout_basic, mainiacjoe_overflow_alcove_2,
          uniq_menkaure

Skill      XL: |  1  2  3  4  5  6  7  8 |
---------------+-------------------------+-----
Stealth        | 3 5 6 8 |  8.2
Short Blades   | 4 5 |  5.7
Evocations     | 1 2 3 4 |  4.6
Shapeshifting  | 1 2 3 |  3.6
Dodging        | 3 4 |  4.7
Fighting       | 4 |  4.6

Action                     |  1- 3 |  4- 6 |  7- 9 || total
---------------------------+-------+-------+-------++-------
  Melee: Short sword       |    62 |    77 |   117 ||   256
         Tentacles         |    16 |    15 |    33 ||    64
         Constrict         |    18 |    26 |    27 ||    71
         Kick              |     6 |    30 |    47 ||    83
         Peck              |     3 |    23 |    26 ||    52
         Punch             |       |     1 |     5 ||     6
  Evoke: Phial of floods   |       |       |     1 ||     1
    Use: Scroll            |     1 |       |     8 ||     9
         Potion            |       |       |     3 ||     3
   Stab: Sleeping          |     6 |     5 |     8 ||    19
         Distracted        |     1 |       |       ||     1
         Paralysed         |     1 |       |       ||     1
         Petrified         |       |     1 |       ||     1
 Armour: Skin              |    16 |    31 |    50 ||    97
  Dodge: Dodged            |    28 |    32 |    84 ||   144

Table legend: (Time is in decaauts)
 A = Elapsed time spent in this place.
 B = Non-inter-level travel time spent in this place.
 C = Inter-level travel time spent in this place.
 D = Time resting spent in this place.
 E = Time spent auto-exploring this place.
 F = Levels seen in this place.
 G = Mean time per level.
                   A        B        C        D        E       F      G
               +--------+--------+--------+--------+--------+-----+--------+
         Total |  12363 |  12196 |    167 |   8555 |   2918 |   6 | 2060.5 |
       Dungeon |  12363 |  12196 |    167 |   8555 |   2918 |   6 | 2060.5 |
               +--------+--------+--------+--------+--------+-----+--------+

Top non-repeatable levels by time:
     D:1: 8263 daAuts
     D:2: 1264 daAuts
     D:4: 873 daAuts
     D:5: 868 daAuts
     D:3: 604 daAuts
     D:6: 489 daAuts
